 Dungeon Crawl Stone Soup version 0.19.0-24-gb05acd6 (webtiles) character file.

5968 Vayl the Basher (level 10, 0/63 HPs)
             Began as a Gargoyle Fighter on Nov 21, 2016.
             Was a Believer of Trog.
             Killed from afar by an ice dragon (11 damage)
             ... with a blast of cold
             ... on level 2 of the Lair of Beasts.
             The game lasted 01:02:46 (6923 turns).

Vayl the Basher (Gargoyle Fighter)                  Turns: 6923, Time: 01:02:47

Health: 0/63       AC: 22    Str: 24    XL:     10   Next: 84%
Magic:  10/10      EV:  6    Int:  8    God:    Trog [**....]
Gold:   517        SH: 11    Dex:  9    Spells: 0 memorised, 9 levels left

rFire  x . .     SeeInvis .     G - +0 morningstar (venom)
rCold  + . .     Gourm    .     e - +0 plate armour
rNeg   + . .     Faith    .     N - +0 shield
rPois  ∞         Spirit   .     (no helmet)
rElec  +         Reflect  .     (no cloak)
rCorr  .         Harm     .     (no gloves)
MR     .....                    (no boots)
Stlth  ..........               (no amulet)
                                H - +2 ring of protection
                                B - ring of ice

@: flying
A: negative energy resistance 1, electricity resistance, unbreathing,
petrification resistance, rot immunity, AC +7
a: Berserk, Trog's Hand, Burn Spellbooks, Renounce Religion


You were on level 2 of the Lair of Beasts.
You worshipped Trog.
Trog was pleased with you.
You were not hungry.

You visited 2 branches of the dungeon, and saw 10 of its levels.

You collected 517 gold pieces.

Inventory:

Hand Weapons
 G - a +0 morningstar of venom (weapon)
Armour
 e - a +0 plate armour (worn)
 N - a +0 shield (worn)
Jewellery
 B - a ring of ice (left hand)
 H - a +2 ring of protection (right hand)
Wands
 b - a wand of flame (25/48)
 t - a wand of polymorph (14/24)
 J - a wand of flame (9/48)
 M - a wand of polymorph (9/24)
 T - a wand of paralysis (13/24)
 V - a wand of confusion (31/48)
Scrolls
 a - a scroll of silence {unknown}
 g - a scroll of identify
 j - 4 scrolls of fog
 n - a scroll of immolation {unknown}
 s - 2 scrolls of recharging {unknown}
 v - 2 scrolls of enchant weapon {unknown}
 w - 3 scrolls of fear {unknown}
 x - 4 scrolls of remove curse {unknown}
 y - a scroll of noise {unknown}
 A - 5 scrolls of teleportation {unknown}
 C - 2 scrolls of amnesia {unknown}
Potions
 d - 2 potions of might
 i - 4 potions of curing
 p - a potion of agility
 q - 2 potions of cure mutation {unknown}
 F - a potion of flight
 K - a potion of berserk rage {unknown}
 P - 3 potions of cancellation {unknown}
 S - 2 potions of resistance {unknown}
 X - a potion of haste {unknown}
 Y - 2 potions of lignification {unknown}
Comestibles
 f - 3 bread rations
 k - 11 fruits
 m - 3 meat rations
 u - 2 beef jerkies
 L - a slice of pizza
 R - a royal jelly


   Skills:
 * Level 7.4 Fighting
 * Level 10.5 Maces & Flails
 * Level 8.5 Armour
 + Level 1.2 Dodging
 + Level 0.2 Stealth
 * Level 8.9 Shields


You had 9 spell levels left.
You didn't know any spells.

Dungeon Overview and Level Annotations

Branches:
Dungeon (8/15)             Temple (0/1) D:7            Lair (2/6) D:8
  Swamp: Lair:2-4    Shoals: Lair:2-4     Snake: Lair:2-4    Spider: Lair:2-4

Altars:
Ashenzari
Dithmenos
Hepliaklqana
Trog
Vehumet

Shops:
D:4 :


Innate Abilities, Weirdness & Mutations

You are resistant to torment.
Your stone body is resilient. (AC +7)
You are immune to poison.
You resist negative energy. (rN+)
You are resistant to electric shocks. (rElec)
You can survive without breathing.
You are immune to petrification.
You are immune to rotting.


Message History

The ice dragon bites you but does no damage.
You block the ice dragon's attack.
The ice dragon tramples you but does no damage.
You barely miss the ice dragon. The ice dragon breathes frost at you.
The blast of cold hits the ice dragon.
The ice dragon resists.
The blast of cold misses you. The ice dragon breathes frost at you.
The blast of cold hits you! You resist.
* * * LOW HITPOINT WARNING * * *
It was a potion of flight.
You feel very buoyant.
You fly up into the air.
The ice dragon barely misses you. You block the ice dragon's attack. x2
An ice beast comes into view.
You feel better. The ice dragon breathes frost at you.
The blast of cold hits the ice dragon.
The ice dragon resists.
The blast of cold hits you! You resist.
You die...

...##.....#. ...P#......#
)##. # ............P
#.....## #..........PP
..#.... ..##......... #
..D#.## .##.........# ...
#..k.# #..#.......#
..Y.#k...
#######...........
#...#.###@##..##..........
#..YYDD..##..##.........
#...Y.###....##............
#?##.##
#................... #
##..................
#####...#......#..P
#....##...##.#...
##........# .P...
####.....# .....


You could see 2 ice dragons and 3 ice beasts.

Vanquished Creatures
  3 spiny frogs
  A rime drake (Lair:2)
  Prince Ribbit (D:6)
  5 blink frogs
  2 hippogriffs
  Sigmund (D:5)
  4 yaks (Lair:2)
  3 water moccasins (Lair:1)
  A porcupine (Lair:1)
  A sky beast (D:6)
  4 ice beasts (Lair:2)
  2 ogres
  4 centaurs
  3 crocodiles (Lair:2)
  Blork the orc (D:4)
  A bullfrog (Lair:2)
  A scorpion (D:5)
  A killer bee (D:7)
  2 howler monkeys
  A hound (D:8)
  4 orc priests
  A jelly (D:7)
  4 orc wizards
  4 centaur skeletons
  5 worker ants
  A hound skeleton (D:7)
  4 gnolls (D:3)
  A howler monkey skeleton (D:7)
  5 adders
  2 shadow imps (D:5)
  2 oozes
  An adder skeleton (D:7)
  A worm (D:2)
  2 dart slugs (D:1)
  7 leopard geckos
  22 orcs
  2 ball pythons (D:2)
  2 giant cockroaches
  12 goblins
  4 hobgoblins
  9 jackals
  8 kobolds
  3 quokkas
  8 bats
  8 frilled lizards
  A leopard gecko zombie (D:6)
  A quokka skeleton (D:4)
  3 rats
  A fungus (D:8)
170 creatures vanquished.

Vanquished Creatures (others)
  2 fungi (D:8)
2 creatures vanquished.

Grand Total: 172 creatures vanquished

Notes
Turn   | Place    | Note
-------+----------+-------------------------------------------
     0 | D:1      | Vayl the Gargoyle Fighter began the quest for the Orb.
     0 | D:1      | Reached XP level 1. HP: 14/14 MP: 1/1
   187 | D:1      | Reached XP level 2. HP: 19/19 MP: 2/2
   600 | D:2      | Reached XP level 3. HP: 24/24 MP: 3/3
  1337 | D:3      | Reached XP level 4. HP: 19/29 MP: 4/4
  1370 | D:3      | Reached skill level 3 in Maces & Flails
  1527 | D:3      | Reached XP level 5. HP: 33/33 MP: 5/5
  1767 | D:3      | Found a faded altar of an unknown god.
  1874 | D:4      | Found a shattered altar of Ashenzari.
  1899 | D:4      | Reached skill level 4 in Maces & Flails
  1992 | D:4      | Reached XP level 6. HP: 35/38 MP: 6/6
  2244 | D:4      | Found a bloodstained altar of Trog.
  2266 | D:4      | Became a worshipper of Trog the Wrathful
  2292 | D:4      | Noticed Blork the orc
  2302 | D:4      | Killed Blork the orc
  2302 | D:4      | Reached skill level 5 in Maces & Flails
  2302 | D:4      | Reached skill level 5 in Shields
  2302 | D:4      | Reached XP level 7. HP: 36/44 MP: 7/7
  2466 | D:4      | Found Nudyoseg's Book Emporium.
  2788 | D:5      | Entered Level 5 of the Dungeon
  2999 | D:5      | Reached skill level 6 in Maces & Flails
  3055 | D:5      | Reached * piety under Trog
  3227 | D:5      | Reached XP level 8. HP: 23/48 MP: 8/8
  3488 | D:5      | Noticed Sigmund
  3530 | D:5      | Killed Sigmund
  3530 | D:5      | Reached skill level 5 in Fighting
  3708 | D:6      | Reached skill level 7 in Maces & Flails
  3729 | D:6      | Reached skill level 5 in Armour
  3834 | D:6      | Noticed Prince Ribbit
  3876 | D:6      | Killed Prince Ribbit
  3883 | D:6      | Got a heavily runed helmet
  3884 | D:6      | Identified the cursed -6 helmet of Submission {rN+ MR+} (You found it on level 6 of the Dungeon)
  4298 | D:7      | Found a shadowy altar of Dithmenos.
  4312 | D:7      | Found a radiant altar of Vehumet.
  4406 | D:7      | Found a staircase to the Ecumenical Temple.
  4542 | D:7      | Reached skill level 8 in Maces & Flails
  4542 | D:7      | Reached XP level 9. HP: 54/55 MP: 9/9
  4607 | D:7      | Reached ** piety under Trog
  4685 | D:7      | Got a warped lajatang
  4951 | D:7      | Found a hazy altar of Hepliaklqana.
  5067 | D:8      | Found a staircase to the Lair.
  5090 | Lair:1   | Entered Level 1 of the Lair of Beasts
  5114 | Lair:1   | HP: 1/55 [blink frog (7)]
  5588 | Lair:1   | Reached skill level 9 in Maces & Flails
  5588 | Lair:1   | Reached skill level 1 in Dodging
  5805 | Lair:1   | Noticed a spiny frog
  5815 | Lair:1   | Killed a spiny frog
  5815 | Lair:1   | Reached XP level 10. HP: 51/61 MP: 10/10
  6194 | Lair:1   | Noticed a spiny frog
  6198 | Lair:1   | Killed a spiny frog
  6640 | Lair:2   | Noticed a spiny frog
  6652 | Lair:2   | Killed a spiny frog
  6658 | Lair:2   | Reached skill level 10 in Maces & Flails
  6910 | Lair:2   | Noticed an ice dragon
  6912 | Lair:2   | Noticed an ice dragon
  6921 | Lair:2   | HP: 3/63 [ice dragon/blast of cold (23)]
  6923 | Lair:2   | Killed from afar by an ice dragon

Skill      XL: |  1  2  3  4  5  6  7  8  9 10 |
---------------+-------------------------------+-----
Maces & Flails | 3 4 5 6 8 9 10 | 10.5
Shields        | 4 5 6 7 8 |  8.9
Armour         | 4 5 7 8 |  8.5
Fighting       | 4 5 6 7 |  7.4
Dodging        | 1 |  1.2
Stealth        | |  0.2

Action                   |  1- 3 |  4- 6 |  7- 9 | 10-12 || total
-------------------------+-------+-------+-------+-------++-------
Melee: Flail             |   191 |   210 |       |       ||   401
       Morningstar       |       |    22 |   327 |   103 ||   452
Invok: Burn Spellbooks   |       |       |       |     1 ||     1
  Use: Scroll            |       |     3 |     4 |     2 ||     9
       Potion            |       |       |     4 |     3 ||     7
  Eat: Meat ration       |     1 |       |     3 |       ||     4
       Pizza             |       |       |       |     1 ||     1
Armor: Plate armour      |   206 |   207 |   208 |    54 ||   675
Dodge: Dodged            |    41 |    39 |    65 |    14 ||   159
Block: Shield            |   126 |   142 |   184 |    59 ||   511
